[Event "Krakow Championship-C 2022"]
[Site "Krakow"]
[Date "2022.06.29"]
[Round "6.4"]
[White "Olszewski, Antoni"]
[Black "Diachek, Andriy"]
[Result "0-1"]
[ECO "B53"]
[WhiteElo "1532"]
[BlackElo "1451"]
[Annotator "NA RC"]
[PlyCount "117"]
[EventDate "2022.06.25"]
[EventType "swiss"]
[EventCountry "POL"]
[SourceTitle "playchess.com"]
[Source "ChessBase"]
[SourceQuality "1"]
[TimeControl "5400+30"]

1. e4 c5 2. Nf3 d6 3. d4 cxd4 4. Qxd4 Nc6 5. Bb5 Bd7 6. Qd3 Nf6 7. c4 Ne5 8. Bxd7+ Qxd7 9. Nxe5 dxe5 10. Qxd7+ Nxd7 11. Nc3 e6 12. Be3 a6 13. Rc1 Rc8 14. Na4 b5 15. cxb5 Rxc1+ 16. Bxc1 axb5 17. Nc3 b4 18. Nd1 Bc5 19. Be3 Bd4 20. Bd2 Nc5 21. f3 Kd7 22. Ke2 Rb8 23. Ne3 Ra8 24. Bxb4 Rxa2 25. Nc4 Na4 26. Rb1 Nxb2 27. Nxb2 Bxb2 28. Kd3 Bd4 29. Bd2 Ra7 30. Rb8 Ke7 31. Rb3 Ra1 32. Bb4+ Kf6 33. Ra3 Rd1+ 34. Kc4 Rc1+ 35. Kd3 Rb1 36. Ba5 h5 37. Ra2 Kg6 38. Bd2 h4 39. h3 Rd1 40. Rc2 Bb6 41. Rb2 Ba5 42. Ra2 Rxd2+ 43. Rxd2 Bxd2 44. Kxd2 Kg5 45. Ke3 f5 46. exf5 exf5 47. f4+ exf4+ 48. Kf3 g6 49. g4 fxg3 50. Kg2 Kf4 51. Kh1 g5 52. Kg1 g4 53. Kh1 gxh3 54. Kg1 Ke3 55. Kh1 f4 56. Kg1 f3 57. Kh1 g2+ 58. Kh2 f2 59. Kxh3 0-1

[Event "Krakow Championship-C 2022"]
[Site "Krakow"]
[Date "2022.06.29"]
[Round "6.5"]
[White "Herka, Jakub"]
[Black "Cwiek, Stefan"]
[Result "1-0"]
[ECO "C05"]
[WhiteElo "1494"]
[BlackElo "1280"]
[Annotator "NA RC"]
[PlyCount "121"]
[EventDate "2022.06.25"]
[EventType "swiss"]
[EventCountry "POL"]
[SourceTitle "playchess.com"]
[Source "ChessBase"]
[SourceQuality "1"]
[TimeControl "5400+30"]

1. d4 e6 2. e4 d5 3. Nd2 Nf6 4. e5 Nfd7 5. Bd3 c5 6. c3 Nc6 7. Ne2 Qb6 8. Nf3 cxd4 9. cxd4 f6 10. exf6 Nxf6 11. O-O Bd6 12. Bf4 Bxf4 13. Nxf4 O-O 14. Qd2 Bd7 15. Rfe1 Rae8 16. Rad1 Qc7 17. g3 e5 18. dxe5 Nxe5 19. Nxe5 Rxe5 20. Rxe5 Qxe5 21. Bf1 Bc6 22. Bg2 Rd8 23. Qd4 Qxd4 24. Rxd4 Kf7 25. h4 h6 26. Bf3 g5 27. hxg5 hxg5 28. Nd3 Ke6 29. Nb4 Ke5 30. Rd1 a5 31. Re1+ Kf5 32. Nc2 d4 33. Bxc6 bxc6 34. Re7 Rd5 35. Rc7 c5 36. Ra7 Ke4 37. Rxa5 d3 38. Ne3 d2 39. Kg2 Ng4 40. Nxd5 Kxd5 41. Ra8 Kc4 42. Rd8 Ne5 43. Rxd2 Nd3 44. Kh3 Ne5 45. f4 g4+ 46. Kg2 Nf3 47. Rf2 Ne1+ 48. Kf1 Nd3 49. Rc2+ Kd4 50. Rd2 c4 51. Rxd3+ cxd3 52. Ke1 Ke3 53. f5 Kf3 54. f6 Kxg3 55. f7 Kh2 56. f8=Q g3 57. Qh6+ Kg2 58. Kd2 Kg1 59. Kxd3 g2 60. a4 Kf1 61. Ke4 1-0

[Event "Krakow Championship-C 2022"]
[Site "Krakow"]
[Date "2022.06.29"]
[Round "6.6"]
[White "Wegrzyn, Bartosz"]
[Black "Kieca, Aleksandra"]
[Result "1-0"]
[ECO "D30"]
[WhiteElo "1286"]
[BlackElo "1524"]
[Annotator "NA RC"]
[PlyCount "55"]
[EventDate "2022.06.25"]
[EventType "swiss"]
[EventCountry "POL"]
[SourceTitle "playchess.com"]
[Source "ChessBase"]
[SourceQuality "1"]
[TimeControl "5400+30"]

1. d4 d5 2. c4 e6 3. Nf3 a6 4. e3 Nf6 5. Nbd2 Be7 6. Bd3 dxc4 7. Nxc4 b5 8. Nce5 Bb7 9. a4 b4 10. Qc2 h6 11. Bd2 Nbd7 12. Nc6 Bxc6 13. Qxc6 a5 14. Rc1 Ra7 15. e4 O-O 16. O-O Nb8 17. Qc2 c6 18. Bf4 Nfd7 19. Rfd1 Qb6 20. d5 exd5 21. exd5 c5 22. d6 Bf6 23. Be3 Rc8 24. Bb5 Qb7 25. b3 Ra6 26. Bxa6 Nxa6 27. Qf5 Qb8 28. Qxd7 1-0

[Event "Krakow Championship-C 2022"]
[Site "Krakow"]
[Date "2022.06.29"]
[Round "6.8"]
[White "Jokel, Marcin"]
[Black "Lesniak, Wojciech"]
[Result "1-0"]
[ECO "A40"]
[WhiteElo "1413"]
[BlackElo "1368"]
[Annotator "NA RC"]
[PlyCount "92"]
[EventDate "2022.06.25"]
[EventType "swiss"]
[EventCountry "POL"]
[SourceTitle "playchess.com"]
[Source "ChessBase"]
[SourceQuality "1"]
[TimeControl "5400+30"]

1. d4 e6 2. Nf3 Nf6 3. g3 d5 4. Bg2 c6 5. O-O Be7 6. Nbd2 O-O 7. c4 b6 8. Qc2 Nbd7 9. e4 dxe4 10. Nxe4 Bb7 11. Nc3 c5 12. dxc5 Nxc5 13. Rd1 Qc8 14. Bg5 h6 15. Bxf6 Bxf6 16. b4 Nd7 17. Rac1 a6 18. Ne4 Bxe4 19. Qxe4 Qc7 20. Nd4 Bxd4 21. Rxd4 Rab8 22. Qc6 Qxc6 23. Bxc6 Ne5 24. Bg2 Rfc8 25. f4 Nc6 26. Bxc6 Rxc6 27. Kf2 Kf8 28. Ke3 Ke7 29. Kd2 Rd8 30. Rxd8 Kxd8 31. a4 b5 32. cxb5 Rd6+ 33. Ke3 axb5 34. a5 h5 35. Rc5 Rd1 36. Rxb5 Kc7 37. Rc5+ Kb7 38. Rxh5 Ka6 39. Rh7 Rb1 40. Rxg7 Rxb4 41. Rxf7 Kxa5 42. h4 Kb6 43. Kf3 Kc6 44. h5 Rb1 45. Kg4 Rb4 46. Kg5 Kd5 1-0

[Event "Krakow Championship-C 2022"]
[Site "Krakow"]
[Date "2022.06.30"]
[Round "7.1"]
[White "Piddubna, Bozhena"]
[Black "Andriienko, Artom"]
[Result "0-1"]
[ECO "E67"]
[WhiteElo "1534"]
[BlackElo "1588"]
[Annotator "NA RC"]
[PlyCount "116"]
[EventDate "2022.06.25"]
[EventType "swiss"]
[EventCountry "POL"]
[SourceTitle "playchess.com"]
[Source "ChessBase"]
[SourceQuality "1"]
[TimeControl "5400+30"]

1. d4 Nf6 2. c4 g6 3. Nf3 Bg7 4. g3 O-O 5. Bg2 d6 6. Nc3 Nbd7 7. O-O c5 8. b3 Rb8 9. Bb2 Ne8 10. Qd2 Nc7 11. Rfd1 a6 12. Nd5 b5 13. Nxc7 Qxc7 14. cxb5 axb5 15. dxc5 Bxb2 16. Qxb2 Nxc5 17. Nd4 b4 18. Rac1 Bb7 19. Bxb7 Qxb7 20. Rc4 Rfc8 21. Rdc1 Qa6 22. Qd2 Ne4 23. Rxc8+ Rxc8 24. Rxc8+ Qxc8 25. Qc2 Nc3 26. Nb5 Qc5 27. Nxc3 bxc3 28. a3 d5 29. b4 Qc4 30. Kf1 d4 31. f3 e5 32. g4 Kg7 33. Ke1 Kf6 34. h4 h6 35. Kd1 Ke6 36. Qb1 Kd6 37. a4 Kc7 38. a5 Kb8 39. Qe4 Qb3+ 40. Ke1 Qxb4 41. Qxe5+ Ka7 42. Qc7+ Ka6 43. Kf2 Qb5 44. Qc8+ Kxa5 45. Qd8+ Qb6 46. Qa8+ Kb4 47. Ke1 Kb3 48. Qa1 c2 49. Qc1 Qb4+ 50. Kf2 Qa3 51. Qf4 c1=Q 52. Qxf7+ Qc4 53. Qxg6 d3 54. Qb6+ Ka2 55. Qxh6 Qac5+ 56. Kg2 dxe2 57. Qd2+ Qc2 58. Qe1 Q5c3 0-1

[Event "Krakow Championship-C 2022"]
[Site "Krakow"]
[Date "2022.06.30"]
[Round "7.2"]
[White "Diachek, Andriy"]
[Black "Jaromin, Maciej"]
[Result "0-1"]
[ECO "B30"]
[WhiteElo "1451"]
[BlackElo "1479"]
[Annotator "NA RC"]
[PlyCount "148"]
[EventDate "2022.06.25"]
[EventType "swiss"]
[EventCountry "POL"]
[SourceTitle "playchess.com"]
[Source "ChessBase"]
[SourceQuality "1"]
[TimeControl "5400+30"]

1. e4 c5 2. Nf3 Nc6 3. Bb5 e6 4. O-O Nge7 5. Re1 Nd4 6. Nxd4 cxd4 7. d3 a6 8. Ba4 b5 9. Bb3 Ng6 10. f4 Be7 11. f5 Ne5 12. Bf4 Bf6 13. Nd2 O-O 14. Nf3 d6 15. fxe6 Bxe6 16. Bxe5 Bxe5 17. Bxe6 fxe6 18. Nxe5 dxe5 19. Qd2 Qc7 20. Rac1 Rac8 21. c4 dxc3 22. Rxc3 Qa7+ 23. Qe3 Qxe3+ 24. Rxe3 Rxc3 25. bxc3 Rc8 26. d4 exd4 27. cxd4 Rc1+ 28. Kf2 Rd1 29. Ra3 Rxd4 30. Rxa6 Rxe4 31. Rb6 Re5 32. g4 Kf7 33. Kf3 Kf6 34. h4 h6 35. Rb7 Rc5 36. Rb6 Ke5 37. Ke3 Kf6 38. Rb7 Rc3+ 39. Ke4 Rc4+ 40. Kf3 b4 41. Rb5 Rd4 42. Kg3 Rd3+ 43. Kf2 Rd2+ 44. Kf3 Rd4 45. Kg3 Rd3+ 46. Kf2 Rd2+ 47. Kf3 Rxa2 48. Rxb4 Ra3+ 49. Kg2 Rd3 50. Rb8 Ke5 51. Rg8 Rd7 52. Kf3 Kd4 53. Ke2 Ke4 54. Rf8 Ra7 55. Kf2 e5 56. Rf5 Ra6 57. Rh5 Kf4 58. Rf5+ Kxg4 59. Rxe5 Ra2+ 60. Kg1 Kxh4 61. Re3 g5 62. Rd3 g4 63. Rd4 h5 64. Rd3 g3 65. Rd5 Kg4 66. Rd4+ Kh3 67. Rd1 Re2 68. Rb1 h4 69. Ra1 Kg4 70. Ra4+ Kf3 71. Ra3+ Re3 72. Ra1 h3 73. Rb1 h2+ 74. Kh1 Kg4 0-1

[Event "Krakow Championship-C 2022"]
[Site "Krakow"]
[Date "2022.06.30"]
[Round "7.3"]
[White "Chmielewski, Miroslaw"]
[Black "Wegrzyn, Bartosz"]
[Result "0-1"]
[ECO "C00"]
[WhiteElo "1571"]
[BlackElo "1286"]
[Annotator "NA RC"]
[PlyCount "102"]
[EventDate "2022.06.25"]
[EventType "swiss"]
[EventCountry "POL"]
[SourceTitle "playchess.com"]
[Source "ChessBase"]
[SourceQuality "1"]
[TimeControl "5400+30"]

1. e4 e6 2. Nc3 d5 3. d3 d4 4. Nce2 c5 5. g3 Nc6 6. Bg2 Be7 7. f4 Nf6 8. h3 O-O 9. Nf3 Qb6 10. b3 Nd7 11. O-O f6 12. g4 Kh8 13. Bd2 e5 14. f5 Rg8 15. Qe1 Nf8 16. Ng3 Bd7 17. Kh2 Be8 18. g5 Nd8 19. h4 Qc7 20. Bh3 b5 21. Rg1 c4 22. gxf6 gxf6 23. Ne2 Rxg1 24. Qxg1 cxd3 25. cxd3 Bd6 26. Bh6 Qf7 27. Qg2 Nd7 28. Rg1 Bf8 29. Bd2 Nc5 30. Ne1 Nc6 31. Bg4 Qg8 32. Qf3 Qf7 33. Ng3 Qe7 34. h5 Nd8 35. Ng2 Nf7 36. Nh4 Bh6 37. Bxh6 Nxh6 38. Bh3 Nf7 39. Bf1 Ng5 40. Qf2 Rc8 41. Ng6+ hxg6 42. fxg6 Bd7 43. h6 Rg8 44. Nf5 Bxf5 45. Qxf5 Nce6 46. Rg4 Ng7 47. hxg7+ Kxg7 48. Rh4 Qe8 49. Be2 Qxg6 50. Qd7+ Kf8 51. Bh5 Nf3+ 0-1

[Event "Krakow Championship-C 2022"]
[Site "Krakow"]
[Date "2022.06.30"]
[Round "7.4"]
[White "Jokel, Marcin"]
[Black "Herka, Jakub"]
[Result "1-0"]
[ECO "A46"]
[WhiteElo "1413"]
[BlackElo "1494"]
[Annotator "NA RC"]
[PlyCount "49"]
[EventDate "2022.06.25"]
[EventType "swiss"]
[EventCountry "POL"]
[SourceTitle "playchess.com"]
[Source "ChessBase"]
[SourceQuality "1"]
[TimeControl "5400+30"]

1. d4 Nf6 2. Nf3 e6 3. g3 b6 4. Bg2 Bb7 5. O-O Be7 6. c4 c6 7. Nc3 d5 8. cxd5 cxd5 9. Bf4 O-O 10. Rc1 Nbd7 11. Nb5 Nh5 12. Bc7 Qe8 13. Nd6 Bxd6 14. Bxd6 f6 15. Bxf8 Kxf8 16. e3 g6 17. Qa4 a6 18. Rc7 b5 19. Qb4+ Kg8 20. Rxb7 Qc8 21. Rxd7 Qxd7 22. Rc1 Rc8 23. Rxc8+ Qxc8 24. Qc5 Qd7 25. Ne1 1-0

[Event "Krakow Championship-C 2022"]
[Site "Krakow"]
[Date "2022.06.30"]
[Round "7.5"]
[White "Niczyporuk, Jakub"]
[Black "Kuznik, Kamil"]
[Result "1/2-1/2"]
[ECO "A15"]
[WhiteElo "1363"]
[BlackElo "1456"]
[Annotator "NA RC"]
[PlyCount "125"]
[EventDate "2022.06.25"]
[EventType "swiss"]
[EventCountry "POL"]
[SourceTitle "playchess.com"]
[Source "ChessBase"]
[SourceQuality "1"]
[TimeControl "5400+30"]

1. c4 Nf6 2. g3 e6 3. Nc3 d5 4. cxd5 exd5 5. d4 c6 6. Bg2 Bf5 7. Nf3 Be7 8. Qb3 Qb6 9. Qxb6 axb6 10. Nh4 Be6 11. a3 Nbd7 12. f4 g6 13. O-O b5 14. f5 gxf5 15. Nxf5 Bxf5 16. Rxf5 b4 17. Nb1 Rg8 18. Nd2 Ng4 19. Nf3 bxa3 20. bxa3 Ra4 21. Rb1 Rc4 22. Bg5 Bxg5 23. Rxg5 Rxg5 24. Nxg5 Rxd4 25. h3 Ne3 26. Rxb7 Nxg2 27. Kxg2 h6 28. Nxf7 h5 29. Nd6+ Kd8 30. Rb4 Rd2 31. Kf2 c5 32. Rh4 c4 33. Nxc4 dxc4 34. Rxc4 Ra2 35. Ra4 Ke7 36. g4 hxg4 37. hxg4 Kf6 38. Ra5 Ne5 39. g5+ Kf5 40. g6 Kxg6 41. Rxe5 Rxa3 42. Re3 Ra5 43. Rf3 Ra2 44. Rf8 Rb2 45. Kf3 Rb3+ 46. e3 Kg5 47. Rd8 Kf5 48. Rd5+ Ke6 49. Ra5 Rc3 50. Kf4 Rc4+ 51. e4 Rc1 52. Ra6+ Ke7 53. Kf5 Rf1+ 54. Ke5 Rb1 55. Ra7+ Ke8 56. Kf5 Rb5+ 57. e5 Rb6 58. Ra8+ Ke7 59. Ra7+ Ke8 60. e6 Rb1 61. Ra8+ Ke7 62. Ke5 Rb5+ 63. Ke4 1/2-1/2

[Event "Krakow Championship-C 2022"]
[Site "Krakow"]
[Date "2022.06.30"]
[Round "7.6"]
[White "Gazda, Jacek"]
[Black "Bajer, Jakub"]
[Result "1-0"]
[ECO "B33"]
[WhiteElo "1418"]
[BlackElo "1358"]
[Annotator "NA RC"]
[PlyCount "55"]
[EventDate "2022.06.25"]
[EventType "swiss"]
[EventCountry "POL"]
[SourceTitle "playchess.com"]
[Source "ChessBase"]
[SourceQuality "1"]
[TimeControl "5400+30"]

1. e4 c5 2. Nf3 Nc6 3. d4 cxd4 4. Nxd4 Nf6 5. Nc3 e5 6. Ndb5 d6 7. Bg5 a6 8. Na3 b5 9. Nd5 Be7 10. Bxf6 Bxf6 11. c3 O-O 12. Be2 Bg5 13. O-O Be6 14. Nc2 Kh8 15. Nce3 Bxe3 16. Nxe3 Ne7 17. a4 Rb8 18. axb5 axb5 19. b4 Qc7 20. Qd2 f5 21. exf5 Nxf5 22. Nxf5 Bxf5 23. Ra5 Be4 24. Rxb5 Rxb5 25. Bxb5 Rf6 26. Bd3 Bb7 27. Re1 Rf4 28. Qxf4 1-0

[Event "Krakow Championship-C 2022"]
[Site "Krakow"]
[Date "2022.06.30"]
[Round "7.7"]
[White "Bajer, Tomasz"]
[Black "Krasuski, Pawel"]
[Result "0-1"]
[ECO "A05"]
[WhiteElo "1437"]
[BlackElo "1682"]
[Annotator "NA RC"]
[PlyCount "90"]
[EventDate "2022.06.25"]
[EventType "swiss"]
[EventCountry "POL"]
[SourceTitle "playchess.com"]
[Source "ChessBase"]
[SourceQuality "1"]
[TimeControl "5400+30"]

1. Nf3 Nf6 2. g3 d5 3. Bg2 c6 4. O-O h6 5. d3 Bf5 6. Nbd2 e6 7. c4 Be7 8. b3 O-O 9. Bb2 Nbd7 10. Rc1 a5 11. Nd4 Bh7 12. cxd5 exd5 13. N2f3 a4 14. bxa4 Nc5 15. Ne5 Nfd7 16. Ndxc6 bxc6 17. Nxc6 Qe8 18. Ba3 Bd6 19. d4 Nb7 20. Bxd6 Nxd6 21. Bxd5 Nf6 22. Bg2 Be4 23. Bxe4 Qxe4 24. Rc3 Nd5 25. Rb3 Rfe8 26. Ne5 Rxa4 27. e3 Rxa2 28. f3 Qf5 29. e4 Qh3 30. Rf2 Rxf2 31. Kxf2 Qxh2+ 32. Kf1 Qh1+ 33. Ke2 Qg2+ 34. Kd3 Nf6 35. Rb6 Ndxe4 36. Qb3 Qf1+ 37. Ke3 Qc1+ 38. Kd3 Nc5+ 39. dxc5 Rxe5 40. Rb8+ Ne8 41. Qb5 Re3+ 42. Kd4 Qd2+ 43. Kc4 Qd3+ 44. Kb4 Qc3+ 45. Ka4 Qa3# 0-1

[Event "Krakow Championship-C 2022"]
[Site "Krakow"]
[Date "2022.06.30"]
[Round "7.8"]
[White "Pawlak, Emilia"]
[Black "Kwiatkowski, Jakub"]
[Result "1-0"]
[ECO "A26"]
[WhiteElo "1477"]
[BlackElo "1750"]
[Annotator "NA RC"]
[PlyCount "65"]
[EventDate "2022.06.25"]
[EventType "swiss"]
[EventCountry "POL"]
[SourceTitle "playchess.com"]
[Source "ChessBase"]
[SourceQuality "1"]
[TimeControl "5400+30"]

1. c4 e5 2. g3 Nc6 3. Bg2 g6 4. Nc3 Bg7 5. d3 d6 6. e4 f5 7. Nge2 Nf6 8. O-O O-O 9. h3 Bd7 10. Be3 Qc8 11. Kh2 f4 12. gxf4 Nh5 13. fxe5 dxe5 14. Nd5 h6 15. b4 Rf7 16. Rc1 g5 17. b5 Nf4 18. bxc6 bxc6 19. Ndxf4 exf4 20. Bxf4 gxf4 21. Ng1 Bf6 22. d4 Rg7 23. e5 Bh4 24. d5 cxd5 25. Qxd5+ Kh7 26. Qxa8 Qa6 27. Be4+ Rg6 28. Qf8 Qe6 29. Bxg6+ Qxg6 30. Qxf4 Bc6 31. Qg4 Bg5 32. f4 Bxf4+ 33. Rxf4 1-0

[Event "Krakow Championship-C 2022"]
[Site "Krakow"]
[Date "2022.07.01"]
[Round "8.1"]
[White "Andriienko, Artom"]
[Black "Jaromin, Maciej"]
[Result "1-0"]
[ECO "D04"]
[WhiteElo "1588"]
[BlackElo "1479"]
[Annotator "NA RC"]
[PlyCount "47"]
[EventDate "2022.06.25"]
[EventType "swiss"]
[EventCountry "POL"]
[SourceTitle "playchess.com"]
[Source "ChessBase"]
[SourceQuality "1"]
[TimeControl "5400+30"]

1. d4 Nf6 2. Nf3 d5 3. e3 Bf5 4. c4 e6 5. Nc3 c5 6. cxd5 exd5 7. Qb3 b6 8. Bb5+ Bd7 9. dxc5 Bxc5 10. O-O O-O 11. Bxd7 Qxd7 12. Rd1 Rd8 13. e4 d4 14. Bg5 Re8 15. Bxf6 gxf6 16. Nd5 Kg7 17. Re1 Nc6 18. Nh4 Re5 19. Qf3 Rxd5 20. exd5 Ne5 21. Qf4 Qxd5 22. Nf5+ Kg6 23. Ng3 Qd7 24. Qe4+ 1-0

[Event "Krakow Championship-C 2022"]
[Site "Krakow"]
[Date "2022.07.01"]
[Round "8.2"]
[White "Piddubna, Bozhena"]
[Black "Jokel, Marcin"]
[Result "1-0"]
[ECO "E04"]
[WhiteElo "1534"]
[BlackElo "1413"]
[Annotator "NA RC"]
[PlyCount "45"]
[EventDate "2022.06.25"]
[EventType "swiss"]
[EventCountry "POL"]
[SourceTitle "playchess.com"]
[Source "ChessBase"]
[SourceQuality "1"]
[TimeControl "5400+30"]

1. c4 e6 2. d4 d5 3. Nf3 Nf6 4. g3 dxc4 5. Bg2 c5 6. Qa4+ Nc6 7. O-O Rb8 8. dxc5 Qa5 9. Qxa5 Nxa5 10. Bf4 Ra8 11. Bd6 Bxd6 12. cxd6 O-O 13. Nc3 Nc6 14. Nd2 Bd7 15. Nxc4 a6 16. Nb6 Rad8 17. Rfd1 Bc8 18. Nca4 Nd7 19. Rac1 Nxb6 20. Nxb6 Bd7 21. Nxd7 Rxd7 22. Bxc6 bxc6 23. Rxc6 1-0

[Event "Krakow Championship-C 2022"]
[Site "Krakow"]
[Date "2022.07.01"]
[Round "8.3"]
[White "Wegrzyn, Bartosz"]
[Black "Gazda, Jacek"]
[Result "1/2-1/2"]
[ECO "D30"]
[WhiteElo "1286"]
[BlackElo "1418"]
[Annotator "NA RC"]
[PlyCount "100"]
[EventDate "2022.06.25"]
[EventType "swiss"]
[EventCountry "POL"]
[SourceTitle "playchess.com"]
[Source "ChessBase"]
[SourceQuality "1"]
[TimeControl "5400+30"]

1. d4 d5 2. c4 e6 3. Nf3 c6 4. e3 Nf6 5. b3 Nbd7 6. Bb2 b6 7. Bd3 Bb7 8. O-O Bd6 9. Nc3 O-O 10. cxd5 cxd5 11. Rc1 Ne4 12. Qe2 f5 13. Rc2 a6 14. Rfc1 Ndf6 15. Ne5 Qe7 16. f3 Nxc3 17. Rxc3 Rfc8 18. Rxc8+ Bxc8 19. Rc3 Bb7 20. Qc2 Bxe5 21. dxe5 Ne8 22. Qc1 Qd7 23. Rc2 Rc8 24. Rxc8 Qxc8 25. Qxc8 Bxc8 26. a4 Nc7 27. Bd4 Na8 28. Kf2 Kf7 29. e4 fxe4 30. fxe4 Bb7 31. Ke3 dxe4 32. Bxe4 Bxe4 33. Kxe4 Ke7 34. Kd3 Kd7 35. Kc4 Kc6 36. Bf2 b5+ 37. axb5+ axb5+ 38. Kd4 Nb6 39. Be1 Nd5 40. Bd2 Ne7 41. b4 Nf5+ 42. Ke4 Nh4 43. g3 Ng6 44. Be3 Ne7 45. Bd2 Nd5 46. Kd4 Nb6 47. Bc1 Nc4 48. Ke4 Nb6 49. Kd4 Nd5 50. Bd2 Nb6 1/2-1/2

[Event "Krakow Championship-C 2022"]
[Site "Krakow"]
[Date "2022.07.01"]
[Round "8.4"]
[White "Krasuski, Pawel"]
[Black "Diachek, Andriy"]
[Result "1/2-1/2"]
[ECO "C50"]
[WhiteElo "1682"]
[BlackElo "1451"]
[Annotator "NA RC"]
[PlyCount "94"]
[EventDate "2022.06.25"]
[EventType "swiss"]
[EventCountry "POL"]
[SourceTitle "playchess.com"]
[Source "ChessBase"]
[SourceQuality "1"]
[TimeControl "5400+30"]

1. e4 e5 2. Nf3 Nc6 3. Bc4 Bc5 4. d3 Nf6 5. Bb3 O-O 6. O-O d6 7. c3 a6 8. a4 Bb6 9. Nbd2 Ne7 10. Nc4 Ba7 11. Bg5 Ng6 12. Nh4 Nxh4 13. Bxh4 h6 14. Ne3 g5 15. Bg3 Qe7 16. Qf3 Kg7 17. h3 Be6 18. Bc2 Rh8 19. Rad1 c5 20. Rfe1 Qd7 21. Nf5+ Bxf5 22. exf5 Qc6 23. Qe2 Qd7 24. Kh2 Rae8 25. Qd2 Nd5 26. Bb3 Nf4 27. Bxf4 exf4 28. f6+ Kxf6 29. Bd5 Re5 30. Rxe5 dxe5 31. c4 b6 32. b3 Kg7 33. Qe2 Qd6 34. Qe4 Rd8 35. Re1 Bb8 36. f3 Qg6 37. Qe2 a5 38. Qf2 h5 39. Qe2 Bd6 40. Kg1 f5 41. Qb2 Qf6 42. Qe2 h4 43. Qd1 Rd7 44. Bc6 Rc7 45. Bd5 Ra7 46. Re2 Rc7 47. Ra2 Ra7 1/2-1/2

[Event "Krakow Championship-C 2022"]
[Site "Krakow"]
[Date "2022.07.01"]
[Round "8.5"]
[White "Kuznik, Kamil"]
[Black "Pawlak, Emilia"]
[Result "1-0"]
[ECO "B36"]
[WhiteElo "1456"]
[BlackElo "1477"]
[Annotator "NA RC"]
[PlyCount "69"]
[EventDate "2022.06.25"]
[EventType "swiss"]
[EventCountry "POL"]
[SourceTitle "playchess.com"]
[Source "ChessBase"]
[SourceQuality "1"]
[TimeControl "5400+30"]

1. e4 c5 2. Nf3 g6 3. d4 cxd4 4. Nxd4 Nc6 5. c4 Nf6 6. Nc3 Nxd4 7. Qxd4 d6 8. Be2 Bg7 9. Be3 O-O 10. Qd2 a5 11. O-O a4 12. Bh6 a3 13. Bxg7 Kxg7 14. b3 Be6 15. Rad1 Qa5 16. Bf3 Rfd8 17. Qe3 Rab8 18. Nd5 Bxd5 19. exd5 Re8 20. Rc1 Nd7 21. Rfe1 Nc5 22. h4 h5 23. Bxh5 b5 24. Be2 bxc4 25. Bxc4 Nd7 26. h5 Ne5 27. hxg6 Nxg6 28. Qd4+ Kg8 29. Re3 Qc7 30. Rce1 Qd7 31. Bd3 Rbc8 32. Bxg6 fxg6 33. Rh3 e5 34. dxe6 Qg7 35. Qxd6 1-0

[Event "Krakow Championship-C 2022"]
[Site "Krakow"]
[Date "2022.07.01"]
[Round "8.6"]
[White "Olszewski, Antoni"]
[Black "Niczyporuk, Jakub"]
[Result "0-1"]
[ECO "B27"]
[WhiteElo "1532"]
[BlackElo "1363"]
[Annotator "NA RC"]
[PlyCount "92"]
[EventDate "2022.06.25"]
[EventType "swiss"]
[EventCountry "POL"]
[SourceTitle "playchess.com"]
[Source "ChessBase"]
[SourceQuality "1"]
[TimeControl "5400+30"]

1. e4 c5 2. Nf3 g6 3. d4 cxd4 4. Qxd4 Nf6 5. e5 Nc6 6. Qa4 Nd5 7. c4 Nb6 8. Qc2 Bg7 9. Nc3 d5 10. Nxd5 Nxe5 11. Nxe5 Bxe5 12. Nxb6 Qxb6 13. Bd3 O-O 14. O-O Be6 15. Be3 Qc7 16. h3 f5 17. f4 Bg7 18. Rae1 Bf7 19. g4 fxg4 20. hxg4 e5 21. f5 e4 22. Bxe4 Qg3+ 23. Qg2 Qxg2+ 24. Kxg2 Bxc4 25. Rf2 gxf5 26. gxf5 Bxa2 27. b4 Rae8 28. Bc5 Rxe4 29. Rxe4 Bd5 30. Rfe2 Rxf5 31. Kg3 Bxe4 32. Rxe4 Re5 33. Rg4 Rd5 34. Bxa7 Kf7 35. Kf3 h5 36. Rg2 Rf5+ 37. Ke4 Rb5 38. Bc5 b6 39. Bd6 h4 40. Rg1 Bf6 41. Rf1 Ke6 42. Rd1 h3 43. Kf3 Rd5 44. Rxd5 Kxd5 45. Bc7 b5 46. Kg4 Be5 0-1

[Event "Krakow Championship-C 2022"]
[Site "Krakow"]
[Date "2022.07.01"]
[Round "8.7"]
[White "Wandor, Adam"]
[Black "Mielcuch, Karol"]
[Result "1-0"]
[ECO "B44"]
[WhiteElo "1456"]
[BlackElo "1276"]
[Annotator "NA RC"]
[PlyCount "93"]
[EventDate "2022.06.25"]
[EventType "swiss"]
[EventCountry "POL"]
[SourceTitle "playchess.com"]
[Source "ChessBase"]
[SourceQuality "1"]
[TimeControl "5400+30"]

1. e4 c5 2. Nf3 e6 3. d4 cxd4 4. Nxd4 Nc6 5. Be3 Qc7 6. Be2 a6 7. O-O b5 8. Nd2 Bb7 9. c4 bxc4 10. Nxc4 Nf6 11. f3 Bc5 12. Nxc6 Bxe3+ 13. Nxe3 Bxc6 14. Qd4 O-O 15. Rac1 Qa5 16. a3 Qg5 17. Rc5 Qg6 18. Bd3 Nh5 19. e5 Qh6 20. f4 f5 21. Be2 Rab8 22. Bxh5 Qxh5 23. b4 Qe2 24. Rf2 Qe1+ 25. Rf1 Qh4 26. Rf2 Rfc8 27. g3 Qe7 28. Rfc2 Qe8 29. Qd1 Rd8 30. Rd2 Rb5 31. Rxc6 d5 32. Rxa6 Qe7 33. Rc6 Qa7 34. Rd3 Rb6 35. Rc5 Ra6 36. Nxd5 exd5 37. Rdxd5 Rf8 38. Rd8 Rxa3 39. Qd5+ Qf7 40. Rxf8+ Kxf8 41. Rc8+ Qe8 42. Qd6+ Kf7 43. e6+ Qxe6 44. Rf8+ Kg6 45. Qxe6+ Kh5 46. Qxf5+ Kh6 47. Qg5# 1-0

[Event "Krakow Championship-C 2022"]
[Site "Krakow"]
[Date "2022.07.01"]
[Round "8.8"]
[White "Pozniak, Yunna"]
[Black "Chmielewski, Miroslaw"]
[Result "0-1"]
[ECO "B22"]
[WhiteElo "1288"]
[BlackElo "1571"]
[Annotator "NA RC"]
[PlyCount "106"]
[EventDate "2022.06.25"]
[EventType "swiss"]
[EventCountry "POL"]
[SourceTitle "playchess.com"]
[Source "ChessBase"]
[SourceQuality "1"]
[TimeControl "5400+30"]

1. e4 c5 2. c3 Nf6 3. e5 Nd5 4. d4 e6 5. Nf3 Nc6 6. Bd3 d6 7. O-O a6 8. a3 Be7 9. Nbd2 Nf4 10. Bc2 cxd4 11. cxd4 d5 12. Nb3 Ng6 13. Qd3 b6 14. Be3 a5 15. Rfe1 Ba6 16. Qd2 a4 17. Nc1 Bc4 18. Bd3 b5 19. Bxc4 bxc4 20. Qc2 Qd7 21. Bd2 O-O 22. Ne2 Na5 23. Bxa5 Rxa5 24. Nc3 Nf4 25. Red1 Rb8 26. Ne1 Rb3 27. Ne2 Nxe2+ 28. Qxe2 Rab5 29. Rd2 Qb7 30. Ra2 Bd8 31. Nf3 Ba5 32. Rc2 h6 33. h3 Rd3 34. Kh1 Bb6 35. Rd2 Rbb3 36. Ra1 Qa6 37. Rad1 Rxd2 38. Rxd2 Qb5 39. Kh2 Ba5 40. Rc2 Qb6 41. Kh1 Rd3 42. Kh2 Qb3 43. Kh1 Qa2 44. Rc1 Rb3 45. Rc2 Qb1+ 46. Kh2 Rd3 47. Kg3 Rd1 48. Kh2 Bb6 49. Rd2 Rh1+ 50. Kg3 Qg6+ 51. Kf4 Qxg2 52. Rd1 Rxh3 53. Ke3 Qg5# 0-1

[Event "Krakow Championship-C 2022"]
[Site "Krakow"]
[Date "2022.07.02"]
[Round "9.1"]
[White "Gazda, Jacek"]
[Black "Andriienko, Artom"]
[Result "0-1"]
[ECO "B92"]
[WhiteElo "1418"]
[BlackElo "1588"]
[Annotator "NA RC"]
[PlyCount "80"]
[EventDate "2022.06.25"]
[EventType "swiss"]
[EventCountry "POL"]
[SourceTitle "playchess.com"]
[Source "ChessBase"]
[SourceQuality "1"]
[TimeControl "5400+30"]

1. e4 c5 2. Nf3 d6 3. d4 cxd4 4. Nxd4 Nf6 5. Nc3 a6 6. Be2 e5 7. Nb3 Be6 8. O-O Nbd7 9. Be3 b5 10. a4 b4 11. Nd5 Bxd5 12. exd5 Be7 13. a5 Qb8 14. Ra4 Qb7 15. Bc4 O-O 16. Qd2 Rfb8 17. f3 Ne8 18. Rd1 Nc5 19. Nxc5 dxc5 20. b3 Nd6 21. Qe2 Rc8 22. Bf2 f6 23. Re1 Bf8 24. Qd3 Kh8 25. c3 Qd7 26. Bxa6 c4 27. Bxc8 Qxa4 28. bxa4 cxd3 29. cxb4 Nxc8 30. Bc5 Bxc5+ 31. bxc5 Ne7 32. d6 Nc6 33. Rd1 Kg8 34. Rxd3 Kf7 35. d7 Ke7 36. Rd6 Nxa5 37. Kf2 Kd8 38. c6 Kc7 39. Re6 Nxc6 40. Re8 Rd8 0-1